 Dungeon Crawl Stone Soup version 0.28-a0-1629-gf728b707aa (webtiles) character file.

Game seed: 12986341198472563826

559946 Charly the Slayer (level 25, -5/154 HPs)
             Began as a Vine Stalker Gladiator on Jan 24, 2022.
             Was an Initiate of Gozag.
             Killed from afar by a yellow draconian annihilator (15 damage)
             ... with a glob of acid
             ... on level 1 of the Realm of Zot.
             The game lasted 02:22:21 (61127 turns).

Charly the Slayer (Vine Stalker Gladiator)         Turns: 61127, Time: 02:22:22

Health: -5/154     AC: 53    Str: 37      XL:     25   Next: 98%
Magic:  0/39       EV: 30    Int:  5 (6)  God:    Gozag
Gold:   9930       SH:  0    Dex: 18      Spells: 44/46 levels left

rFire   + . .      SeeInvis .   a - +9 lajatang (vamp)
rCold   + . .      Faith    .   (shield currently unavailable)
rNeg    + . .      Spirit   +   u - +14 crystal plate armour
rPois   +          Reflect  .   L - +2 hat of the Bear Spirit {Spirit, *Rage Will++}
rElec   +          Harm     .   w - scarf {rC+ rF+}
rCorr   .          Rampage  .   Y - +1 pair of gloves "Forget-Me-Not" {rElec rN+ Dex+2}
Will    +++++      Clarity  +   G - +2 pair of boots {Fly}
Stlth   ..........              K - amulet of Gaas {Acrobat rPois Str+2}
HPRegen 1.15/turn               B - +6 ring of strength
MPRegen 0.26/turn               W - ring of the Tortoise {AC+8}

@: corroded, gold aura, acrobatic, flying, studying Unarmed Combat
A: fangs 3, regeneration 1, magic shield, antimagic bite, no potion heal 2,
iridescent scales 1, clarity, deterioration 2, dopey 1, strong-willed 1, poison
resistance
}: 4/15 runes: barnacled, slimy, silver, gossamer
a: Renounce Religion, Potion Petition, Call Merchant, Bribe Branch


You were on level 1 of the Realm of Zot.
You worshipped Gozag.
Gozag was greatly pleased with you.
You visited 11 branches of the dungeon, and saw 50 of its levels.
You also visited: Wizlab.

You collected 27818 gold pieces.
You spent 8021 gold pieces at shops.
You paid 9867 gold pieces to Gozag.

Inventory:

Hand Weapons
 a - a +9 vampiric lajatang (weapon)
 b - the +9 lajatang "Beetlebane" {drain, rPois rCorr}
   (You found it on level 2 of the Depths)

   A truly terrible weapon, it drains the life of any living foe it strikes.
   rPois:     It protects you from poison.
   rCorr:     It protects you from acid and corrosion.
Missiles
 d - 7 throwing nets (quivered)
Armour
 u - a +14 crystal plate armour (worn)
 w - a scarf of resistance (worn)
 G - a +2 pair of boots of flying (worn)
 L - the +2 hat of the Bear Spirit (worn) {Spirit, *Rage Will++}
   (You found it on level 3 of the Elven Halls)

   Going berserk makes the wearer tougher, and they're slowed less afterward.
   *Rage:     It berserks you when you make melee attacks (+20% chance).
   Will:      It greatly increases your willpower.
 R - a +2 cloak of preservation
 Y - the +1 pair of gloves "Forget-Me-Not" (worn) {rElec rN+ Dex+2}
   (You acquired it on level 2 of the Depths)

   Dex:       It affects your dexterity (+2).
   rElec:     It insulates you from electricity.
   rN:        It protects you from negative energy.
Jewellery
 c - the ring "Wito" {rC+ Will+ Dex+2}
   (You took it off a tengu reaver on level 5 of the Vaults)

   [ring of willpower]

   Dex:       It affects your dexterity (+2).
   rC:        It protects you from cold.
   Will:      It increases your willpower.
 f - a ring of protection from fire
 i - the ring of Atimiyty {rElec rPois SInv}
   (You took it off a deep elf annihilator on level 3 of the Elven Halls)

   [ring of poison resistance]

   rElec:     It insulates you from electricity.
   rPois:     It protects you from poison.
   SInv:      It lets you see invisible.
 B - a +6 ring of strength (left hand)
 C - the ring "Guki" {Ice rCorr Str+4 Dex+4 Stlth-}
   (You found it on level 4 of the Lair of Beasts)

   [ring of ice]

   It enhances your ice magic.
   Str:       It affects your strength (+4).
   Dex:       It affects your dexterity (+4).
   rF:        It makes you vulnerable to fire.
   rC:        It protects you from cold.
   rCorr:     It protects you from acid and corrosion.
   Stlth:     It makes you less stealthy.
 K - the amulet of Gaas (around neck) {Acrobat rPois Str+2}
   (You found it on level 3 of the Elven Halls)

   [amulet of the acrobat]

   It increases your evasion while moving and waiting.
   Str:       It affects your strength (+2).
   rPois:     It protects you from poison.
 W - the ring of the Tortoise (right hand) {AC+8}
   (You took it off a spriggan on level 2 of the Depths)

   [ring of protection]

   AC:        It affects your AC (+8).
Wands
 j - a wand of charming (4)
 q - a wand of acid (19)
 H - a wand of digging (16)
 O - a wand of paralysis (19)
 T - a wand of iceblast (23)
 U - a wand of mindburst (10)
Scrolls
 k - 10 scrolls of magic mapping
 m - 2 scrolls of summoning
 p - 8 scrolls of vulnerability
 t - 20 scrolls of fear
 y - 17 scrolls of teleportation
 z - 5 scrolls of fog
 A - a scroll of silence
 D - 2 scrolls of enchant armour
 F - 7 scrolls of blinking
 N - 6 scrolls of immolation
 X - 2 scrolls of holy word
Potions
 e - 3 potions of invisibility
 g - 8 potions of attraction
 h - 2 potions of might
 o - 15 potions of mutation
 r - 6 potions of ambrosia
 s - 5 potions of lignification
 v - 5 potions of berserk rage
 x - 5 potions of flight
 E - 17 potions of curing
 J - 7 potions of cancellation
 M - 10 potions of haste
 Q - 5 potions of resistance
 S - 5 potions of magic
Miscellaneous
 l - a lightning rod (4/4)
 n - a condenser vane
 I - a tin of tremorstones (2/2)
 P - a phantom mirror
 V - a phial of floods
 Z - a box of beasts


   Skills:
 + Level 23.2 Fighting
 - Level 15.0 Staves
 - Level 1.7 Throwing
 + Level 22.7 Armour
 - Level 13.0 Dodging
 - Level 3.0 Stealth
 - Level 11.0 Spellcasting
 - Level 3.0 Transmutations
 - Level 3.5 Earth Magic
 - Level 15.0 Evocations


You had 44 spell levels left.
You knew the following spells:

 Your Spells              Type           Power      Damage    Failure   Level
P - Passwall              Tmut/Erth      5%         N/A       36%         2

Your spell library contained the following spells:

 Spells                   Type           Power      Damage    Failure   Level
 Sandblast                Erth           12%        2d6       22%         1
 Magic Dart               Conj           8%         1d3       67%         1
 Pain                     Necr           8%         1d4       67%         1
 Shock                    Conj/Air       8%         1d3       67%         1
 Call Imp                 Summ           2%         N/A       80%         2
 Corpse Rot               Necr/Air       4%         N/A       80%         2
 Ensorcelled Hibernation  Hex/Ice        4%         N/A       80%         2
 Poisonous Vapours        Pois/Air       4%         N/A       80%         2
 Searing Ray              Conj           4%         2d4       80%         2
 Static Discharge         Conj/Air       2%         N/A       80%         2
 Sublimation of Blood     Necr           2%         N/A       80%         2
 Stone Arrow              Conj/Erth      8%         3d7       80%         3
 Spider Form              Tmut/Pois      4%         N/A       83%         3
 Ignite Poison            Fire/Tmut/Pois 3%         N/A       88%         3
 Petrify                  Tmut/Erth      6%         N/A       94%         4
 Call Canine Familiar     Summ           2%         N/A       95%         3
 Conjure Flame            Conj/Fire      2%         6-21      95%         3
 Dazzling Flash           Conj/Hex       4%         N/A       95%         3
 Frozen Ramparts          Ice            4%         1d2       95%         3
 Gell's Gravitas          Tloc           2%         N/A       95%         3
 Lesser Beckoning         Tloc           2%         N/A       95%         3
 Mephitic Cloud           Conj/Pois/Air  2%         N/A       95%         3
 Ozocubu's Armour         Ice            2%         N/A       95%         3
 Portal Projectile        Hex/Tloc       4%         N/A       95%         3
 Swiftness                Air            2%         N/A       95%         3
 Teleport Other           Tloc           2%         N/A       95%         3
 Tukima's Dance           Hex            2%         N/A       95%         3
 Ice Form                 Ice/Tmut       4%         N/A       99%         4
 Leda's Liquefaction      Hex/Erth       2%         N/A       99%         4
 Lee's Rapid Deconstruct  Erth           3%         3d6*      99%         5
 Airstrike                Air            1%         N/A       100%        4
 Anguish                  Hex/Necr       1%         N/A       100%        4
 Dispel Undead            Necr           2%         3d7       100%        4
 Fulminant Prism          Conj/Hex       1%         3d6       100%        4
 Iskenderun's Mystic Bla  Conj/Tloc      2%         2d3       100%        4
 Passage of Golubria      Tloc           2%         N/A       100%        4
 Sticky Flame             Conj/Fire      2%         2d3       100%        4
 Summon Ice Beast         Ice/Summ       2%         N/A       100%        4
 Summon Lightning Spire   Summ/Air       2%         N/A       100%        4
 Agony                    Necr           2%         N/A       100%        5
 Alistair's Intoxication  Tmut/Pois      2%         N/A       100%        5
 Borgnjor's Vile Clutch   Necr/Erth      2%         N/A       100%        5
 Excruciating Wounds      Necr           1%         N/A       100%        5
 Fireball                 Conj/Fire      1%         3d3       100%        5
 Freezing Cloud           Conj/Ice/Air   1%         6-21      100%        5
 Irradiate                Conj/Tmut      2%         3d14      100%        5
 Lightning Bolt           Conj/Air       1%         1d12      100%        5
 Metabolic Englaciation   Hex/Ice        1%         N/A       100%        5
 Silence                  Hex/Air        1%         N/A       100%        5
 Summon Forest            Summ/Tloc      1%         N/A       100%        5
 Summon Mana Viper        Hex/Summ       2%         N/A       100%        5
 Yara's Violent Unravell  Hex/Tmut       2%         3d3       100%        5
 Conjure Ball Lightning   Conj/Air       1%         3x3d6     100%        6
 Death Channel            Necr           1%         N/A       100%        6
 Eringya's Noxious Bog    Tmut/Pois      2%         N/A       100%        6
 Starburst                Conj/Fire      1%         6d3       100%        6
 Statue Form              Tmut/Erth      4%         N/A       100%        6
 Summon Cactus Giant      Summ           1%         N/A       100%        6
 Malign Gateway           Summ/Tloc      1%         N/A       100%        7
 Ozocubu's Refrigeration  Ice            1%         4d5       100%        7
 Storm Form               Tmut/Air       2%         N/A       100%        7
 Summon Hydra             Summ           1%         N/A       100%        7
 Discord                  Hex            1%         N/A       100%        8
 Disjunction              Tloc           1%         N/A       100%        8
 Ignition                 Fire           1%         3d3       100%        8
 Maxwell's Capacitive Co  Air            1%         ∞         100%        8
 Summon Horrible Things   Summ           1%         N/A       100%        8
 Dragon's Call            Summ           1%         N/A       100%        9
 Fire Storm               Conj/Fire      1%         7d1       100%        9


Dungeon Overview and Level Annotations

Branches:
Dungeon (15/15)            Temple (1/1) D:6            Lair (6/6) D:8
 Shoals (4/4) Lair:2       Spider (4/4) Lair:4        Slime (5/5) Lair:6
    Orc (2/2) D:11            Elf (3/3) Orc:2        Vaults (5/5) D:13
  Crypt (0/3) Vaults:3     Depths (4/4) D:15            Zot (1/5) Depths:4
 WizLab (visited)

Altars:
Ashenzari
Cheibriados
Dithmenos
Elyvilon
Fedhas
Gozag
Hepliaklqana
Kikubaaqudgha
Makhleb
Nemelex Xobeh
Okawaru
Qazlal
Ru
Sif Muna
Trog
Uskayaw
Vehumet
Wu Jian
Xom
Yredelemnul
Zin
The Shining One
Beogh
Jiyva

Shops:
D:2 *   D:4 !   D:11 ?[   Orc:2 [[(:   Elf:2 (   Shoals:1 ([[*   Shoals:3 =
Vaults:1 ?((*   Vaults:2 *   Vaults:3 :   Vaults:4 *   Depths:4 ==?

Portals:
Hell: Depths:1 Depths:2 Depths:3 Depths:4
Abyss: Depths:3
Pandemonium: Depths:2
Ziggurat: Depths:1
Trove: D:12 (give 6 potions of haste)

Annotations:
D:5 1 runed translucent door, Crazy Yiuf
Elf:1 6 runed translucent doors


Innate Abilities, Weirdness & Mutations

You have razor-sharp teeth.
Your natural rate of healing is unusually fast.
When hurt, damage is shared between your health and your magic reserves.
Your bite disrupts and absorbs the magic of your enemies.
Potions cannot restore your health.
You are partially covered in iridescent scales. (AC +2)
You possess an exceptional clarity of mind.
Your body often deteriorates upon taking damage.
You are dopey. (Int -2)
You are strong-willed. (Will+)
Your system is resistant to poisons. (rPois)


Message History

The tentacled monstrosity tentacle-slaps you but does no damage.
The tentacled monstrosity completely misses you.
The tentacled monstrosity misses you.
The green draconian completely misses you.
The yellow draconian annihilator casts a spell.
The yellow draconian annihilator blinks!
The yellow draconian annihilator gestures at you while chanting.
The poison arrow misses you.
You feel sick.
You are no longer poisoned.
The green draconian monk hits you.
* * * LOW HITPOINT WARNING * * *
The green draconian monk kicks you but does no damage.
The green draconian monk completely misses you.
The green draconian monk tail-slaps you but does no damage.
A bolt of lightning appears from out of thin air!
The bolt of lightning hits you! You resist.
* * * LOW HITPOINT WARNING * * *
The yellow draconian annihilator is distracted by your dazzling golden aura.
The yellow draconian annihilator roars!
The tentacled monstrosity is distracted by your dazzling golden aura.
The moth of wrath goads the wind drake on!
The wind drake goes berserk!
The purple draconian shifter casts a spell.
The purple draconian shifter blinks!
The green draconian is distracted by your dazzling golden aura.
A bolt of lightning appears from out of thin air!
The bolt of lightning misses you.
The green draconian roars!
The yellow draconian annihilator is no longer distracted by gold.
The green draconian is no longer distracted by gold.
The green draconian rages.
The purple draconian shifter gestures wildly while chanting.
The purple draconian shifter blinks!
The purple draconian shifter casts a spell.
The purple draconian shifter blinks!
The yellow draconian annihilator spits acid at you.
The glob of acid hits you!!
You die...
Your body crumbles into a pile of gold.

****####################*
,,,.....................*
,,...............q......*
,..........q...q@......#*
,..........k.d..{......##
,.[........d..kk........#
,........§y.qX.q........#
,.........§.q...........#
,........$....§.........#
,.......k.....q.........#
,..........$$..........##
,......^...$.....)......#


You could see a tentacled monstrosity (corroded), a green draconian monk
(corroded), a green draconian (berserk), a white draconian, 2 draconians, a
white draconian stormcaller, 3 draconians, a death drake (summoned), a wind
drake (summoned, berserk, repels missiles), a moth of wrath and a rime drake
(summoned, berserk).

Vanquished Creatures
  the Royal Jelly (Slime:5)
  2 dread liches (Vaults:5)
  2 ancient liches (Vaults:5)
  Mennas (Vaults:3)
  Sojobo (Vaults:5)
  Frederick (Vaults:3)
  Bai Suzhen (Shoals:3)
  Margery (Vaults:2)
  3 golden dragons
  5 caustic shrikes (Depths:2)
  Jory (Vaults:3)
  Nikola (Spider:2)
  9 tentacled monstrosities
  5 liches
  Rupert (D:13)
  A walking earthen tome (Depths:4)
  A moon troll (WizLab)
  4 deep elf blademasters
  20 acid blobs
  A deep elf master archer (Elf:3)
  2 titans
  8 tentacled starspawn (WizLab)
  4 sphinxes
  A quicksilver dragon (WizLab)
  10 tengu reavers
  6 storm dragons
  Roxanne (Spider:4)
  3 shadow dragons
  Ilsuiw (Shoals:3)
  6 azure jellies
  14 rockslimes
  6 frost giants
  Donald (Shoals:1)
  4 iron dragons
  4 ghost moths (Spider:4)
  2 orc warlords (Vaults:2)
  Louise (Spider:2)
  6 fire giants
  7 emperor scorpions
  A cacodemon (WizLab)
  A draconian scorcher (Depths:4)
  5 deep elf sorcerers (Elf:3)
  13 vault wardens
  8 deep elf elementalists
  22 ironbound preservers
  2 draconian annihilators (Depths:4)
  A green draconian (Depths:4)
  28 very ugly things
  2 broodmothers
  4 war gargoyles
  5 quicksilver oozes
  The ghost of r33k the Warrior, a journeyman MiFi of Trog (Lair:2)
  18 stone giants
  4 ironbound thunderhulks
  A vampire knight (Depths:3)
  2 black draconians
  A purple draconian (Zot:1)
  10 deep elf demonologists
  Nessos (D:15)
  3 yellow draconians
  9 deep elf annihilators
  A minotaur (Lair:2)
  A white draconian (Zot:1)
  8 dire elephants
  4 entropy weavers
  The ghost of Buerups the Slicer, a journeyman VSFi of Okawaru (Lair:6)
  12 spark wasps
  An eidolon (Vaults:3)
  Snorg (D:11)
  4 deep elf death magi
  14 fire dragons
  4 merfolk javelineers
  Josephine (D:15)
  12 ettins
  3 crystal guardians (WizLab)
  5 deep elf high priests
  15 yaktaur captains
  7 merfolk impalers
  6 rakshasas
  Fannar (Lair:1)
  13 great orbs of eyes
  31 vault guards
  10 boulder beetles
  A peacekeeper (Vaults:3)
  A jorogumo (Spider:2)
  12 hydras
  6 ice dragons
  15 centaur warriors
  An ogre mage (Vaults:5)
  2 radroaches
  4 spriggan air magi
  2 catoblepae
  2 alligator snapping turtles (Shoals:4)
  5 merfolk aquamancers
  3 two-headed ogres
  2 merfolk avatars (Shoals:4)
  9 deep troll shamans
  6 tengu warriors
  An alligator (shapeshifter) (Depths:2)
  10 ironbound frosthearts
  3 satyrs
  16 deep troll earth magi
  5 orc high priests
  7 spriggan berserkers
  17 deep elf knights
  A fire crab (shapeshifter) (Depths:1)
  11 hell knights
  A sun demon (Depths:2)
  A pharaoh ant (Spider:4)
  12 iron trolls
  8 sea snakes
  7 orb spiders
  11 glowing orange brains
  An orange crystal statue (WizLab)
  A spriggan rider (Depths:4)
  A flayed ghost (Depths:2)
  89 deep trolls
  12 wizards
  14 deep elf archers
  3 steelbarb worms
  7 lindwurms
  14 ironbound convokers
  A steelbarb worm (shapeshifter) (Depths:2)
  10 phantasmal warriors
  15 deep elf pyromancers
  3 necromancers
  23 harpies
  20 deep elf zephyrmancers
  A wolf spider zombie (D:15)
  13 wolf spiders
  9 orc knights
  5 shining eyes
  2 oklob plants
  A wolf spider (shapeshifter) (Vaults:5)
  11 manticores
  10 cyclopes
  13 fauns
  2 orc sorcerers
  68 ugly things
  14 starcursed masses (WizLab)
  8 moths of wrath
  3 naga magi (D:15)
  7 black mambas
  14 merfolk sirens
  Joseph (Lair:1)
  A guardian serpent (Lair:6)
  A rust devil (Depths:2)
  16 vault sentinels
  7 eyes of devastation
  A centaur zombie (D:10)
  2 gargoyles (D:12)
  5 water nymphs
  4 torpor snails
  An unseen horror (D:12)
  17 cane toads
  25 yaktaurs
  8 demonic crawlers
  4 freezing wraiths
  8 komodo dragons
  4 rime drakes
  A tormentor (Depths:2)
  An efreet (D:15)
  6 tengu conjurers
  25 merfolk
  5 trolls
  2 meliai (shapeshifter)
  10 meliai
  2 polar bears (Lair:5)
  A wolf spider simulacrum (D:15)
  10 hornets
  8 wind drakes
  6 snapping turtles
  24 tarantellas
  23 blink frogs
  114 slime creatures
  12 dream sheep
  14 jumping spiders
  A meliai zombie (D:11)
  2 shadows
  Sigmund (D:6)
  An air elemental (Elf:2)
  20 culicivoras
  A centaur simulacrum (D:15)
  A ynoxinul (Depths:2)
  5 spriggans
  14 water elementals
  4 wraiths
  3 fire elementals (Elf:1)
  5 golden eyes
  10 wyverns
  37 yaks
  38 redbacks
  5 basilisks
  3 neqoxecs
  2 steam dragons (D:8)
  4 vampire mosquitoes (D:12)
  3 wargs
  26 water moccasins
  7 acid dragons
  Duvessa (D:6)
  4 floating eyes
  30 orc warriors
  An ice beast (D:6)
  A hornet zombie (D:7)
  5 ogres
  A necrophage (D:7)
  14 wolves
  9 centaurs
  A phantom (D:4)
  2 kobold brigands
  7 bullfrogs
  A scorpion (D:5)
  2 earth elementals
  Dowan (D:6)
  A water moccasin skeleton (D:6)
  21 killer bees
  5 wights
  7 hounds
  A gnoll shaman (D:8)
  28 orc priests
  3 jellies
  5 iguanas
  Natasha (thrice) (D:2)
  31 orc wizards
  3 gnolls (D:8)
  12 adders
  2 shadow imps
  2 ufetubi
  An adder zombie (D:5)
  3 worms
  2 dart slugs
  73 orcs
  3 ball pythons
  6 endoplasms
  4 goblins
  2 hobgoblins (D:4)
  15 kobolds
  2 quokkas
  3 bats
  3 frilled lizards (D:1)
  4 rats
  A bush (Lair:6)
  6 starspawn tentacles (WizLab)
1917 creatures vanquished.

Vanquished Creatures (collateral kills)
  A deep elf blademaster (Elf:3)
  A rockslime (Slime:5)
  A blink frog (Lair:1)
  2 yaks (Lair:1)
  2 bullfrogs (Lair:1)
7 creatures vanquished.

Vanquished Creatures (others)
  A merfolk javelineer (Shoals:3)
  23 dancing weapons
  An orb spider (Spider:4)
  A harpy (Shoals:4)
  A deep elf pyromancer (Elf:3)
  A black mamba (Lair:1)
  A water nymph (Shoals:4)
  A wind drake (Shoals:4)
  A wyvern (Lair:1)
  A yak (Lair:1)
  An orc wizard (Vaults:5)
  An orc (Elf:1)
  A bush (Lair:6)
  A demonic plant (WizLab)
  47 fungi
  69 plants
  14 starspawn tentacles (WizLab)
166 creatures vanquished.

Grand Total: 2090 creatures vanquished

Notes
Turn   | Place    | Note
-------+----------+-------------------------------------------
     0 | D:1      | Charly the Vine Stalker Gladiator began the quest for the
                  | Orb.
     0 | D:1      | Reached XP level 1. HP: 11/11 MP: 2/2
    62 | D:1      | Reached skill level 2 in Fighting
    62 | D:1      | Reached skill level 1 in Stealth
   102 | D:1      | Reached XP level 2. HP: 15/15 MP: 3/3
   445 | D:1      | Got the Collected Works on Glacial Malediction
   954 | D:2      | Noticed Natasha
  1036 | D:2      | Found Voneupha's Assorted Antiques.
  1053 | D:2      | Bought a fuming grey potion for 20 gold pieces
  1053 | D:2      | Bought a scroll labelled OKHETAECSA for 23 gold pieces
  1169 | D:2      | Reached XP level 3. HP: 18/18 MP: 4/4
  1909 | D:2      | Gained mutation: Your natural rate of healing is unusually
                  | fast. [Vine Stalker growth]
  1909 | D:2      | Reached XP level 4. HP: 23/23 MP: 5/5
  1989 | D:2      | Killed Natasha
  2121 | D:2      | Noticed Natasha
  2137 | D:2      | Killed Natasha
  2138 | D:2      | Reached XP level 5. HP: 7/27 MP: 4/6
  2531 | D:2      | Found Voneupha's Assorted Antiques.
  3306 | D:2      | Noticed Natasha
  3315 | D:2      | Killed Natasha
  3824 | D:2      | Found Voneupha's Assorted Antiques.
  3996 | D:3      | Reached skill level 3 in Fighting
  4060 | D:3      | Found a faded altar of an unknown god.
  4149 | D:2      | Bought a scroll labelled OKHETAECSA for 23 gold pieces
  4458 | D:3      | Reached XP level 6. HP: 32/32 MP: 7/7
  4528 | D:4      | Reached skill level 5 in Staves
  4616 | D:4      | Noticed a black bear
  4665 | D:4      | Found a bloodstained altar of Trog.
  4772 | D:4      | Found Foaplor's Distillery.
  4782 | D:4      | Found a glowing silver altar of Zin.
  5069 | D:3      | Reached XP level 7. HP: 37/37 MP: 6/8
  5291 | D:4      | Reached skill level 4 in Fighting
  5622 | D:5      | Entered Level 5 of the Dungeon
  5925 | D:4      | Bought a potion of curing for 39 gold pieces
  5925 | D:4      | Bought a potion of lignification for 39 gold pieces
  6213 | D:5      | Reached skill level 1 in Evocations
  6367 | D:5      | Found a runed translucent door.
  6368 | D:5      | Noticed Crazy Yiuf
  6751 | D:4      | Bought a potion of curing for 39 gold pieces
  6893 | D:6      | Found a staircase to the Ecumenical Temple.
  6902 | Temple   | Entered the Ecumenical Temple
  7075 | D:6      | Noticed Duvessa
  7075 | D:6      | Noticed Dowan
  7174 | D:6      | Noticed Sigmund
  7256 | D:6      | Gained mutation: You have razor-sharp teeth. [Vine Stalker
                  | growth]
  7256 | D:6      | Reached XP level 8. HP: 38/42 MP: 9/9
  7332 | D:6      | Noticed a troll
  7570 | D:5      | Killed a troll
  7571 | D:5      | Reached skill level 5 in Fighting
  7827 | D:6      | Killed Sigmund
  7828 | D:6      | Reached XP level 9. HP: 42/47 MP: 7/10
  7883 | D:6      | Killed Duvessa
  7894 | D:6      | Killed Dowan
  8119 | D:6      | Found a sacrificial altar of Ru.
  8504 | Temple   | Became a worshipper of Gozag Ym Sagoz the Greedy
  8687 | D:6      | Reached skill level 6 in Fighting
  8711 | D:7      | Found an ancient bone altar of Kikubaaqudgha.
  9406 | D:7      | Found a snail-covered altar of Cheibriados.
  9847 | D:8      | Noticed a troll
  9859 | D:8      | Killed a troll
  9865 | D:8      | Reached skill level 5 in Evocations
  9866 | D:8      | Noticed a two-headed ogre
  9939 | D:8      | Killed a two-headed ogre
  9940 | D:8      | Reached skill level 7 in Fighting
  9940 | D:8      | Reached skill level 10 in Staves
  9940 | D:8      | Reached XP level 10. HP: 54/55 MP: 7/11
 10038 | D:8      | Found a staircase to the Lair.
 10417 | D:8      | Found a hide-covered altar of Uskayaw.
 11047 | D:9      | Noticed a manticore
 11058 | D:9      | Killed a manticore
 11059 | D:9      | Reached skill level 1 in Armour
 11509 | D:4      | Bought 2 potions of might for 104 gold pieces
 11509 | D:4      | Bought 2 potions of cancellation for 208 gold pieces
 11604 | D:2      | Bought 3 scrolls of identify for 138 gold pieces
 11826 | D:10     | Entered Level 10 of the Dungeon
 11844 | D:10     | Noticed a boulder beetle
 11865 | D:10     | Killed a boulder beetle
 11866 | D:10     | Reached skill level 8 in Fighting
 11866 | D:10     | Reached XP level 11. HP: 51/60 MP: 12/12
 12101 | D:10     | Found an iron altar of Okawaru.
 12337 | Lair:1   | Entered Level 1 of the Lair of Beasts
 12385 | Lair:1   | Reached skill level 5 in Dodging
 12439 | Lair:1   | Noticed a six-headed hydra
 12453 | Lair:1   | Killed a six-headed hydra
 12464 | Lair:1   | Noticed Fannar
 12529 | Lair:1   | Noticed Joseph
 12574 | Lair:1   | Killed Fannar
 12588 | Lair:1   | Killed Joseph
 12676 | Lair:1   | Reached XP level 12. HP: 65/65 MP: 13/13
 12701 | Lair:1   | Noticed Sonja
 12702 | Lair:1   | Noticed Sonja
 12702 | Lair:1   | Sonja changed into Sonja the cane toad
 12717 | Lair:1   | Killed Sonja the cane toad
 13462 | Lair:2   | Found a runed translucent gate.
 13462 | Lair:2   | Found a runed translucent gate.
 13463 | Lair:2   | Found a runed translucent gate.
 13483 | Lair:2   | Reached skill level 9 in Fighting
 13587 | Lair:2   | Noticed an eight-headed hydra
 13596 | Lair:2   | Killed an eight-headed hydra
 13689 | Lair:2   | Noticed r33k's ghost (journeyman MiFi)
 13691 | Lair:2   | Noticed a minotaur
 13816 | Lair:2   | Found a staircase to the Shoals.
 14492 | Lair:3   | Noticed a four-headed hydra
 14499 | Lair:3   | Killed a four-headed hydra
 14991 | Lair:4   | Noticed a four-headed hydra
 14998 | Lair:4   | Killed a four-headed hydra
 14999 | Lair:4   | Reached skill level 5 in Armour
 15017 | Lair:4   | Identified the ring "Guki" {Ice rCorr Str+4 Dex+4 Stlth-}
 15052 | Lair:4   | Identified the amulet of Cigu {Will+ Regen+}
 15384 | Lair:4   | Reached XP level 13. HP: 67/71 MP: 12/14
 15694 | Lair:4   | Found a hole to the Spider Nest.
 15995 | Lair:5   | Identified the +6 war axe of Dim Light {venom, Fly rN+}
 16239 | Lair:5   | Reached skill level 10 in Fighting
 17268 | Lair:6   | Entered Level 6 of the Lair of Beasts
 17512 | Lair:6   | Reached skill level 15 in Staves
 17569 | Lair:6   | Reached skill level 10 in Evocations
 17595 | Lair:5   | Learned a level 2 spell: Passwall
 17698 | Lair:6   | Reached skill level 1 in Earth Magic
 17698 | Lair:6   | Reached XP level 14. HP: 70/77 MP: 16/16
 17705 | Lair:6   | Reached skill level 1 in Spellcasting
 17725 | Lair:6   | Reached skill level 1 in Transmutations
 17756 | Lair:6   | Found a transporter.
 17762 | Lair:6   | Noticed Buerups's ghost (journeyman VSFi)
 17777 | Lair:6   | Found a bloodstained altar of Trog.
 17778 | Lair:6   | Found a staircase to the Slime Pits.
 17817 | Lair:6   | Found a transporter.
 18864 | Lair:6   | Killed Buerups's ghost
 19015 | Lair:6   | Identified the ring "Jogenab" {Fire Will- Str+6 Dex+5}
 19285 | Lair:2   | Killed r33k's ghost
 19521 | D:2      | Bought a shiny crystal plate armour for 1909 gold pieces
 20164 | D:11     | Found a staircase to the Orcish Mines.
 20452 | D:11     | Noticed Snorg
 20474 | D:11     | Killed Snorg
 20906 | Orc:1    | Entered Level 1 of the Orcish Mines
 21919 | D:12     | Reached skill level 5 in Spellcasting
 22349 | D:12     | Found a portal to a secret trove of treasure.
 22421 | D:13     | Noticed Rupert
 22473 | D:13     | Reached XP level 15. HP: 80/80 MP: 23/23
 22503 | D:13     | Killed Rupert
 22921 | D:13     | Found a gate to the Vaults.
 23469 | D:14     | Reached skill level 10 in Armour
 23826 | D:14     | Found a glowing silver altar of Zin.
 23921 | D:15     | Entered Level 15 of the Dungeon
 23963 | D:15     | Noticed Nessos
 23972 | D:15     | Killed Nessos
 24311 | D:15     | Noticed Josephine
 24317 | D:15     | Killed Josephine
 24743 | D:15     | Found a staircase to the Depths.
 25145 | Orc:2    | Entered Level 2 of the Orcish Mines
 25597 | Orc:2    | Found Ximisud's Antique Armour Emporium.
 25597 | Orc:2    | Found Lysuleug's Antique Weapon Shoppe.
 25598 | Orc:2    | Found Hyedgh's Antique Armour Shoppe.
 25608 | Orc:2    | Reached XP level 16. HP: 86/86 MP: 26/26
 25615 | Orc:2    | Found Imosyt's Distillery.
 25622 | Orc:2    | Bought a potion of lignification for 54 gold pieces
 25622 | Orc:2    | Bought 2 potions of resistance for 360 gold pieces
 25622 | Orc:2    | Bought 2 potions of curing for 108 gold pieces
 25622 | Orc:2    | Bought a potion of curing for 54 gold pieces
 25622 | Orc:2    | Bought a potion of haste for 180 gold pieces
 25622 | Orc:2    | Bought a potion of haste for 180 gold pieces
 25622 | Orc:2    | Bought a potion of flight for 54 gold pieces
 26049 | Orc:2    | Found Foisan's Book Emporium.
 26104 | Orc:2    | Found a staircase to the Elven Halls.
 26266 | Orc:2    | Bought a pair of glowing gloves for 240 gold pieces
 26359 | D:11     | Bought a +2 helmet of see invisible for 430 gold pieces
 26359 | D:11     | Bought a +2 pair of gloves of dexterity for 430 gold pieces
 26382 | D:11     | Bought a scroll of teleportation for 48 gold pieces
 26382 | D:11     | Bought a scroll of teleportation for 48 gold pieces
 26382 | D:11     | Bought a scroll of enchant armour for 120 gold pieces
 26382 | D:11     | Bought a scroll of enchant armour for 120 gold pieces
 26552 | Spider:1 | Entered Level 1 of the Spider Nest
 27288 | Spider:1 | Reached skill level 10 in Dodging
 27321 | Spider:1 | Noticed an acid blob
 27322 | Spider:1 | Found the +10 morningstar "Eos" {elec, Halo rElec}
 27327 | Spider:1 | Killed an acid blob
 27328 | Spider:1 | Reached skill level 11 in Fighting
 27699 | Spider:2 | Noticed Nikola
 27717 | Spider:2 | Killed Nikola
 27854 | Spider:2 | Identified a scroll of acquirement
 27872 | Spider:2 | Acquired 658 gold pieces
 27920 | Spider:2 | Identified the +9 rapier of the Throat {spect, rF+ rC+}
 28107 | Spider:2 | Noticed Louise
 28129 | Spider:2 | Killed Louise
 28173 | Spider:2 | Identified the -3 pair of boots "Wugiphev" {Rampage Stlth+}
 29183 | Spider:3 | Identified the +1 robe "Wogyk" {-Tele rC+ Dex+6}
 29762 | Spider:4 | Entered Level 4 of the Spider Nest
 29856 | Spider:4 | Reached skill level 12 in Fighting
 29981 | Spider:4 | Noticed Roxanne
 30101 | Spider:4 | Reached XP level 17. HP: 23/93 MP: 28/28
 30555 | Shoals:1 | Entered Level 1 of the Shoals
 30650 | Shoals:1 | Found Dadufuig's Antique Armour Boutique.
 30693 | Shoals:1 | Found Heasman's Armour Shoppe.
 30756 | Shoals:1 | Bought a +2 pair of boots for 231 gold pieces
 30756 | Shoals:1 | Bought the +1 cloak of the Weaver {rPois} for 289 gold
                  | pieces
 30868 | Shoals:1 | Found Tucwem's Antique Weapon Shoppe.
 30994 | Shoals:1 | Noticed Donald
 31026 | Shoals:1 | Killed Donald
 31144 | Shoals:1 | Found Gaperhe's Assorted Antiques.
 31365 | Shoals:1 | Found Baeg's Distillery.
 31408 | Shoals:1 | Bought 3 potions of haste for 510 gold pieces
 31408 | Shoals:1 | Bought a potion of cancellation for 136 gold pieces
 31408 | Shoals:1 | Bought a potion of curing for 51 gold pieces
 31408 | Shoals:1 | Bought a potion of resistance for 170 gold pieces
 31408 | Shoals:1 | Bought a potion of lignification for 51 gold pieces
 31408 | Shoals:1 | Bought a potion of flight for 51 gold pieces
 32208 | Shoals:2 | Gained mutation: You are frail. (-10% HP) [a shining eye]
 32211 | Shoals:2 | Lost mutation: You are frail. (-10% HP) [potion of
                  | mutation]
 32211 | Shoals:2 | Gained mutation: You have hidden genetic defects. [potion
                  | of mutation]
 32211 | Shoals:2 | Gained mutation: You are agile. (Dex +2) [potion of
                  | mutation]
 32621 | Shoals:3 | Noticed Ilsuiw
 32630 | Shoals:3 | Noticed Bai Suzhen
 32636 | Shoals:3 | Reached skill level 13 in Fighting
 32670 | Shoals:3 | Killed Ilsuiw
 32689 | Shoals:3 | Killed Bai Suzhen
 32966 | Shoals:3 | Gained mutation: You tend to lose your temper in combat.
                  | [hidden defects]
 33252 | Shoals:4 | Entered Level 4 of the Shoals
 33408 | Shoals:4 | Reached XP level 18. HP: 91/100 MP: 18/29
 33638 | Shoals:4 | Gained mutation: Your magical capacity is low. (-10% MP)
                  | [hidden defects]
 33638 | Shoals:4 | Lost mutation: You have hidden genetic defects. [hidden
                  | defects expressed]
 33750 | Shoals:4 | Identified the ring "Naidd" {Int+6 SInv}
 33872 | Shoals:4 | Lost mutation: You tend to lose your temper in combat.
                  | [potion of mutation]
 33872 | Shoals:4 | Lost mutation: You are agile. (Dex +2) [potion of mutation]
 33872 | Shoals:4 | Gained mutation: Your system is resistant to poisons.
                  | (rPois) [potion of mutation]
 33872 | Shoals:4 | Lost mutation: Your magical capacity is low. (-10% MP)
                  | [potion of mutation]
 33872 | Shoals:4 | Gained mutation: You are partially covered in iridescent
                  | scales. (AC +2) [potion of mutation]
 33872 | Shoals:4 | Gained mutation: You have sharp toenails. [potion of
                  | mutation]
 34329 | Shoals:4 | Got a barnacled rune of Zot
 34586 | Shoals:4 | Identified the +3 leather armour "Zodotet" {Str+3}
 34872 | Spider:4 | Killed Roxanne
 35195 | Spider:4 | Reached skill level 14 in Fighting
 35550 | Spider:4 | Got a gossamer rune of Zot
 36305 | Vaults:1 | Entered Level 1 of the Vaults
 36308 | Vaults:1 | Bought a scroll of enchant armour for 112 gold pieces
 36308 | Vaults:1 | Bought a scroll of fear for 52 gold pieces
 36308 | Vaults:1 | Bought a scroll of fear for 52 gold pieces
 36308 | Vaults:1 | Bought a scroll of teleportation for 45 gold pieces
 36308 | Vaults:1 | Bought a scroll of teleportation for 45 gold pieces
 36974 | Vaults:1 | Reached XP level 19. HP: 100/107 MP: 32/32
 37107 | Vaults:1 | Reached skill level 15 in Evocations
 37992 | Elf:1    | Entered Level 1 of the Elven Halls
 38017 | Elf:1    | Reached skill level 15 in Fighting
 38099 | Elf:1    | Noticed an Ice Fiend
 38128 | Elf:1    | Found a runed translucent gate.
 38128 | Elf:1    | Found a runed translucent gate.
 38128 | Elf:1    | Found a runed translucent gate.
 38128 | Elf:1    | Found a runed translucent gate.
 38128 | Elf:1    | Found a runed translucent gate.
 38131 | Elf:1    | Found a runed translucent gate.
 38281 | Elf:1    | Found a magical portal.
 38327 | WizLab   | Entered Lehudib's Moon Base
 38357 | WizLab   | Reached skill level 15 in Armour
 38578 | WizLab   | Paralysed by accursed screaming for 1 turns
 39170 | WizLab   | Acquired 956 gold pieces
 39346 | WizLab   | Found a transporter.
 39592 | WizLab   | Found a transporter.
 39746 | WizLab   | Paralysed by accursed screaming for 1 turns
 39813 | WizLab   | Identified the +1 helmet of Somewhere Else {rCorr Str-5
                  | Int+7 Stlth+}
 40263 | Elf:1    | Reached XP level 20. HP: 114/114 MP: 34/34
 41147 | Elf:2    | Found a runed translucent gate.
 41147 | Elf:2    | Found a runed translucent gate.
 41148 | Elf:2    | Found a runed translucent gate.
 41319 | Elf:2    | Paralysed by an air elemental for 1 turns
 41348 | Elf:2    | Found Wizillea's Weapon Shop.
 41431 | Elf:2    | Reached skill level 16 in Fighting
 42249 | Elf:3    | Entered Level 3 of the Elven Halls
 43107 | Elf:3    | Reached skill level 17 in Fighting
 43138 | Elf:3    | Identified the ring of Atimiyty {rElec rPois SInv}
 43161 | Elf:3    | Noticed a Tzitzimitl
 43457 | Elf:3    | Identified the +5 ring mail "Woskeis" {-Tele rC+ Str+7}
 43485 | Elf:3    | Identified the amulet of Gaas {Acrobat rPois Str+2}
 43537 | Elf:3    | Identified the +8 hunting sling of the Knives {venom, rF++
                  | rCorr Int+4}
 43542 | Elf:3    | Got the Almanac of the Dusty Escort
 43913 | Elf:3    | Found the +2 hat of the Bear Spirit {Spirit, *Rage Will++}
 44418 | Vaults:1 | Bought a scroll of acquirement for 1144 gold pieces
 44418 | Vaults:1 | Acquired a +2 vampiric lajatang
 44500 | Vaults:2 | Reached XP level 21. HP: 108/121 MP: 35/35
 45285 | Vaults:2 | Reached skill level 10 in Spellcasting
 45473 | Vaults:2 | Found Vinust's Assorted Antiques.
 45795 | Vaults:2 | Noticed Margery
 45800 | Vaults:2 | Reached skill level 18 in Fighting
 45819 | Vaults:2 | Killed Margery
 46276 | Vaults:3 | Got the Catalogue of Weightlessness
 46616 | Vaults:3 | Found a staircase to the Crypt.
 46755 | Vaults:3 | Noticed Mennas
 46908 | Vaults:3 | Noticed Jory
 46922 | Vaults:3 | Killed Jory
 46923 | Vaults:3 | Reached XP level 22. HP: 130/130 MP: 37/37
 47281 | Vaults:3 | Noticed Frederick
 47293 | Vaults:3 | Killed Frederick
 47398 | Vaults:3 | Found Ilutajy's Book Shoppe.
 47565 | Vaults:3 | Killed Mennas
 47864 | Vaults:4 | Reached skill level 19 in Fighting
 48727 | Vaults:4 | Noticed a golden dragon
 48743 | Vaults:4 | Killed a golden dragon
 48979 | Vaults:4 | Found Esis's General Store.
 48982 | Vaults:4 | Bought a potion of curing for 54 gold pieces
 49361 | Depths:1 | Entered Level 1 of the Depths
 50199 | Depths:1 | Found a one-way gateway to a ziggurat.
 50485 | Depths:1 | Got the Disquisition on the Aerial Arsonist
 50599 | Depths:1 | Reached skill level 20 in Fighting
 50626 | Depths:1 | Found a gateway to Hell.
 50900 | Depths:1 | Found a white marble altar of Elyvilon.
 50900 | Depths:1 | Found a glowing golden altar of the Shining One.
 50900 | Depths:1 | Found a glowing silver altar of Zin.
 51178 | Depths:2 | Reached XP level 23. HP: 137/137 MP: 38/38
 51660 | Depths:2 | Found a one-way gate leading to the halls of Pandemonium.
 52420 | Depths:2 | Noticed a golden dragon
 52431 | Depths:2 | Killed a golden dragon
 52653 | Depths:2 | Noticed a caustic shrike
 52654 | Depths:2 | Noticed a caustic shrike
 52655 | Depths:2 | Noticed a caustic shrike
 52663 | Depths:2 | Killed a caustic shrike
 52664 | Depths:2 | Killed a caustic shrike
 52664 | Depths:2 | Noticed a caustic shrike
 52666 | Depths:2 | Noticed a caustic shrike
 52669 | Depths:2 | Killed a caustic shrike
 52675 | Depths:2 | Killed a caustic shrike
 52678 | Depths:2 | Killed a caustic shrike
 52730 | Depths:2 | Identified the +9 lajatang "Beetlebane" {drain, rPois
                  | rCorr}
 52733 | Depths:2 | Acquired the +1 pair of gloves "Forget-Me-Not" {rElec rN+
                  | Dex+2}
 53508 | Depths:3 | Reached XP level 24. HP: 144/144 MP: 37/38
 53511 | Depths:3 | Found a one-way gate to the infinite horrors of the Abyss.
 53844 | Depths:3 | Reached skill level 21 in Fighting
 54318 | Depths:4 | Entered Level 4 of the Depths
 54517 | Depths:3 | Identified the +3 quarterstaff "Ifophel" {vorpal, *Slow Fly
                  | rN+++ Will-}
 54634 | Depths:4 | Paralysed by a floating eye for 4 turns
 55073 | Depths:4 | Found a gate to the Realm of Zot.
 55343 | Depths:4 | Found Nuotiam's Magic Scroll Emporium.
 55356 | Depths:4 | Bought a scroll of teleportation for 60 gold pieces
 56107 | Slime:1  | Entered Level 1 of the Pits of Slime
 56507 | Slime:2  | Gained mutation: You sometimes lose the ability to read
                  | scrolls when taking damage. [a shining eye]
 56508 | Slime:2  | Gained mutation: You are strong-willed. (Will+) [a shining
                  | eye]
 56510 | Slime:2  | Gained mutation: Armour fits poorly on your strangely
                  | shaped body. [a shining eye]
 56915 | Slime:5  | Entered Level 5 of the Pits of Slime
 56973 | Slime:5  | Gained mutation: Your body sometimes deteriorates upon
                  | taking damage. [a shining eye]
 56983 | Slime:5  | Gained mutation: You are weak. (Str -2) [a shining eye]
 56999 | Slime:5  | Noticed the Royal Jelly
 57235 | Slime:5  | Gained mutation: Your body often deteriorates upon taking
                  | damage. [a shining eye]
 57344 | Slime:5  | Found a viscous altar of Jiyva.
 57944 | Slime:5  | Killed the Royal Jelly
 58080 | Slime:5  | Identified the ring of Paqolacu {rF+ Str+2 Dex-4 SInv}
 58084 | Slime:5  | Got a slimy rune of Zot
 58406 | Lair:6   | Lost mutation: You are weak. (Str -2) [potion of mutation]
 58406 | Lair:6   | Lost mutation: You have sharp toenails. [potion of
                  | mutation]
 58406 | Lair:6   | Lost mutation: Armour fits poorly on your strangely shaped
                  | body. [potion of mutation]
 58406 | Lair:6   | Gained mutation: You possess an exceptional clarity of
                  | mind. [potion of mutation]
 58406 | Lair:6   | Gained mutation: You are highly strong-willed. (Will++)
                  | [potion of mutation]
 58407 | Lair:6   | Lost mutation: You are highly strong-willed. (Will++)
                  | [potion of mutation]
 58407 | Lair:6   | Lost mutation: You sometimes lose the ability to read
                  | scrolls when taking damage. [potion of mutation]
 58407 | Lair:6   | Gained mutation: You are dopey. (Int -2) [potion of
                  | mutation]
 58768 | Vaults:5 | Entered Level 5 of the Vaults
 58773 | Vaults:5 | Reached XP level 25. HP: 137/151 MP: 36/39
 58776 | Vaults:5 | Reached skill level 22 in Fighting
 58806 | Vaults:5 | Noticed Sojobo
 58823 | Vaults:5 | Paralysed by an air elemental for 1 turns
 58845 | Vaults:5 | Killed Sojobo
 59015 | Vaults:5 | Noticed an ancient lich
 59036 | Vaults:5 | Killed an ancient lich
 59171 | Vaults:5 | Noticed a dread lich
 59185 | Vaults:5 | Killed a dread lich
 59552 | Vaults:5 | Noticed a dread lich
 59562 | Vaults:5 | Killed a dread lich
 59634 | Vaults:5 | Identified the ring "Wito" {rC+ Will+ Dex+2}
 59675 | Vaults:5 | Got a silver rune of Zot
 60067 | Vaults:5 | Noticed an ancient lich
 60073 | Vaults:5 | Killed an ancient lich
 60074 | Vaults:5 | Reached skill level 23 in Fighting
 60571 | Vaults:5 | Identified the +0 plate armour of the Wumpus {rPois}
 60863 | Zot:1    | Entered Level 1 of the Realm of Zot
 61125 | Zot:1    | HP: 7/154 [something/bolt of lightning (9)]
 61127 | Zot:1    | Killed from afar by a yellow draconian annihilator

Illustrated notes

Levels and vault maps discovered:
D:1:      roderic_chinese_lattice_arrival, layout_rooms
D:2:      layout_basic, serial_shops, shop, uniq_natasha
D:3:      layout_basic, hellmonk_ecumenical_altar_arch_garden
D:4:      layout_loops_ring, mainiacjoe_overflow_alcove_1,
          nicolae_overflow_crystal_walls, serial_shops, shop
D:5:      layout_basic, uniq_crazy_yiuf_cottage
D:6:      layout_basic, nicolae_ru_path_of_blood, lemuel_temple_firewalk_a,
          lightli_corner_chamber, uniq_sigmund, uniq_duvessa
D:7:      layout_gridville, slow_altar_2,
          mainiacjoe_overflow_concentric_impassable
D:8:      kennysheep_steamy, layout_basic, eat_drink_and_be_merry_uskayaw,
          erik_lair_island
D:9:      layout_irregular_city
D:10:     layout_roguey, lemuel_crystal_altar
D:11:     layout_basic, david_orc_4, uniq_snorg
D:12:     layout_irregular_city, enter_trove_6
D:13:     layout_cross, david_vaults_1, uniq_rupert
D:14:     layout_cave_pools, zin_treasury
D:15:     grunt_enter_depths_magical_seal, layout_stronghold,
          nicolae_two_hexagons, serial_glass, glass_columns_b, glass_columns_b,
          glass_columns_a, glass_columns_a, glass_columns_a, glass_columns_a,
          glass_columns_c, glass_columns_c, glass_columns_b, glass_columns_c,
          uniq_nessos, uniq_josephine
Temple:   regret_index_temple_waves
Lair:1:   layout_regular_city, uniq_fannar, uniq_sonja, uniq_joseph
Lair:2:   layout_hall_layers, minmay_shoals_entry_beasts,
          maelrawn_ghost_gauntlet_escape, serial_rivers,
          chequers_serial_rivers_large_a, chequers_serial_rivers_marsh,
          chequers_serial_rivers_room_a, chequers_serial_rivers_room_a,
          chequers_serial_rivers_micro_b
Lair:3:   layout_misc_corridors
Lair:4:   layout_cave_pods, hellmonk_spider_entry_not_the_bees
Lair:5:   layout_layer_cave
Lair:6:   hangedman_lair_tendril_chambers, layout_gridlike, slime_dummy,
          gammafunk_ghost_wrathful_warriors, minmay_lair_oklob_bushes
Shoals:1: layout_shoals, serial_shops, shop, shop,
          nicolae_shop_overgrown_old_shop, nicolae_shop_crystal,
          nicolae_shop_advertising_works [nicolae_subvault_shop_adworks],
          hangedman_shoals_cup_caves, uniq_donald
Shoals:2: layout_shoals
Shoals:3: layout_shoals, uniq_bai_suzhen, uniq_ilsuiw
Shoals:4: shoals_end_hangedman, layout_shoals
Spider:1: layout_spider_delve, nicolae_spider_acid_house
Spider:2: layout_spider_delve, uniq_nikola, uniq_louise
Spider:3: layout_spider_delve
Spider:4: spider_rune_water, uniq_roxanne
Slime:1:  layout_caves
Slime:2:  layout_caves
Slime:3:  layout_caves, cheibrodos_slime_lost_civilization_7
Slime:4:  layout_caves
Slime:5
Orc:1:    layout_caves, lemuel_statue_altar
Orc:2:    st_orc_mages, layout_diamond_mine, basic_altar, serial_shops,
          shop_statue
Elf:1:    eino_elf_arrival_customs, layout_loops_corners, mu_enter_wizlab_6,
          orc_legates, drop_trap
Elf:2:    nicolae_elf_blades_splatter_lattice [nicolae_blade_bullseye],
          layout_loops_corners, serial_shops, nicolae_shop_bloodbath_and_beyond
Elf:3:    minmay_elf_hall_hex, layout_geoelf_octagon
Vaults:1: vaults_room_door_ring, hangedman_vaults_corner,
          hangedman_vaults_corner_blocks, vaults_dpeg_diagonal,
          hangedman_vaults_locks, vaults_room_corners, vaults_room_pools,
          layout_vaults_quadrants
Vaults:2: hangedman_vaults_unwind, ontoclasm_vaults_bender, grunt_vaults_swirl,
          ontoclasm_vaults_twist, v_pattern_1, hangedman_vaults_nails,
          hangedman_vaults_capsules, v_misc_30, layout_vaults_chaotic_city,
          serial_shops, shop, uniq_margery
Vaults:3: ontoclasm_vaults_shuriken, vaults_mumra_minichess_inversion,
          vaults_room_ringed_pool, minmay_crypt_entry_simple_statues,
          vaults_standard_mumra_lines, v_misc_14, nicolae_vaults_ninety_degrees,
          vaults_standard_mumra_enter_the_diamond,
          vaults_standard_mumra_enter_the_diamond,
          nicolae_vaults_hallways_thing, nicolae_vaults_diagonal_hallway_7,
          nicolae_vaults_theta, v_misc_2, layout_vaults_big_cross, serial_shops,
          nicolae_shop_waterfront, uniq_mennas, uniq_frederick, uniq_jory
Vaults:4: nicolae_vaults_disjoint_gnomons, hangedman_vaults_cutoff, st_cells,
          nicolae_vaults_diagonal_hallway_8, nicolae_vaults_mini_display_case,
          nicolae_vaults_network_periphery, v_rooms_6, dpeg_vaults_monster_row,
          grunt_vaults_hallway_long, vaults_mumra_chevron_long,
          ontoclasm_vaults_hangar, vaults_dpeg_ring, vaults_mumra_chevron,
          vaults_dpeg_hooks, ontoclasm_vaults_gateway, v_alt_pattern_1,
          layout_vaults_maze_snakey, serial_shops, nicolae_shop_behind_doors
Vaults:5: serial_shops, uniq_sojobo
Depths:1: layout_gridlike, enter_ziggurat_c, good_gods_mini_temple, hell_entry,
          kennysheep_cross_bottleneck, drop_trap, minislime_mu
Depths:2: grunt_bent_corner, layout_honeycomb, rand_demon_pan_entry_8,
          ebering_dispersal_statue_hall, pf_hell_entry_tar_spiral,
          infiniplex_staircase_river
Depths:3: kennysheep_ambush_hall, layout_small_grid, abyss_entry, hell_entry,
          serial_sigils, serial_sigils_hangedman_clutch,
          serial_sigils_hangedman_stare, serial_sigils_hangedman_shear,
          serial_sigils_hangedman_gnaw, serial_sigils_hangedman_writhe,
          serial_sigils_hangedman_shear, chequers_serial_rivers_micro_e,
          firewood_loft, minmay_staircase_windowed_large
Depths:4: evilmike_zot_entry_round, layout_honeycomb,
          nicolae_cairo_tiling_large, pf_vacation_house_of_asmodeus,
          serial_shops, shop, dispersion_dpeg
Zot:1:    layout_gridville

Skill      XL: |  1  2  3  4  5  6  7  8  9 10 11 12 13 14 15 16 17 18 19 20 21 22 23 24 25 |
---------------+----------------------------------------------------------------------------+-----
Fighting       | 2 3 4 5 7 8 9 10 12 13 14 15 17 18 20 21 23 | 23.2
Stealth        | 1 3 |  3.0
Staves         | 3 4 5 6 7 10 11 12 13 15 | 15.0
Evocations     | 1 3 5 6 7 10 11 12 13 14 15 | 15.0
Armour         | 2 4 5 8 10 11 13 14 15 16 18 19 20 21 22 | 22.7
Dodging        | 4 5 6 7 8 9 10 11 12 13 | 13.0
Earth Magic    | 1 3 |  3.5
Spellcasting   | 5 6 7 8 9 10 11 | 11.0
Transmutations | 3 |  3.0
Throwing       | |  1.7

Action                   |  1- 3 |  4- 6 |  7- 9 | 10-12 | 13-15 | 16-18 | 19-21 | 22-24 | 25-27 || total
-------------------------+-------+-------+-------+-------+-------+-------+-------+-------+-------++-------
Melee: Quarterstaff      |    57 |    81 |   275 |   591 |  1382 |  2011 |  1113 |       |       ||  5510
       Bite              |    12 |    17 |    81 |   207 |   636 |   972 |   704 |   779 |   240 ||  3648
       Staff             |       |       |       |       |    61 |       |       |       |       ||    61
       Punch             |       |       |       |       |     1 |       |       |       |       ||     1
       Lajatang          |       |       |       |       |       |       |   439 |  1455 |   458 ||  2352
Throw: Stone             |    45 |       |       |       |       |       |       |       |       ||    45
       Dart              |    11 |    21 |    49 |     8 |    19 |    11 |     2 |       |       ||   121
       Throwing net      |     2 |     1 |       |       |       |     1 |     4 |     2 |       ||    10
       Javelin           |       |       |     3 |       |       |       |       |       |       ||     3
Invok: Call Merchant     |       |       |       |       |       |     4 |     3 |       |     2 ||     9
       Potion Petition   |       |       |       |       |       |     1 |       |       |       ||     1
Evoke: Wand              |       |       |     3 |    23 |    24 |    11 |     6 |     5 |       ||    72
       Condenser vane    |       |       |       |       |       |     5 |     5 |     2 |     1 ||    13
       Phantom mirror    |       |       |       |       |       |       |     1 |     2 |       ||     3
       Box of beasts     |       |       |       |       |       |       |       |     2 |       ||     2
       Tin of tremorston |       |       |       |       |       |       |       |     2 |       ||     2
       Phial of floods   |       |       |       |       |       |       |       |     1 |       ||     1
  Use: Scroll            |     2 |     3 |    11 |     9 |    11 |     6 |    15 |    11 |     2 ||    70
       Potion            |       |       |     1 |     5 |     6 |    14 |     1 |     4 |       ||    31
 Stab: Sleeping          |     1 |       |     1 |     3 |       |       |       |       |       ||     5
       Held in net/web   |       |     1 |       |       |       |     5 |       |       |       ||     6
       Distracted        |       |       |     1 |     5 |    11 |    12 |    11 |    22 |     5 ||    67
       Invisible         |       |       |       |     6 |     1 |    48 |       |       |       ||    55
       Paralysed         |       |       |       |       |     8 |       |       |       |       ||     8
Armor: Leather armour    |     5 |       |       |       |       |       |       |       |       ||     5
       Ring mail         |    18 |    19 |       |       |       |       |       |       |       ||    37
       Scale mail        |       |    18 |   139 |    24 |       |       |       |       |       ||   181
       Skin              |       |       |     3 |    29 |       |       |       |       |       ||    32
       Swamp dragon scal |       |       |       |    90 |    98 |       |       |       |       ||   188
       Crystal plate arm |       |       |       |       |   610 |  1504 |   849 |   924 |   406 ||  4293
Dodge: Dodged            |    24 |    44 |   150 |   342 |   639 |   923 |   612 |   673 |   340 ||  3747
Block: Other             |       |       |     8 |   106 |       |       |       |       |       ||   114
       Reflection        |       |       |     1 |     3 |       |       |       |       |       ||     4

Table legend: (Time is in decaauts)
 A = Elapsed time spent in this place.
 B = Non-inter-level travel time spent in this place.
 C = Inter-level travel time spent in this place.
 D = Time resting spent in this place.
 E = Time spent auto-exploring this place.
 F = Levels seen in this place.
 G = Mean time per level.
                   A        B        C        D        E       F      G
               +--------+--------+--------+--------+--------+-----+--------+
         Total |  59233 |  52542 |   6691 |   3270 |  36616 |  51 | 1161.4 |
       Dungeon |  18176 |  15070 |   3106 |    254 |  11908 |  15 | 1211.7 |
        Temple |    209 |    119 |     90 |      0 |     99 |   1 |  209.0 |
          Lair |   7648 |   6658 |    990 |    134 |   5098 |   6 | 1274.7 |
        Shoals |   4041 |   3758 |    283 |     19 |   2541 |   4 | 1010.2 |
   Spider Nest |   4659 |   4105 |    554 |    125 |   3006 |   4 | 1164.8 |
    Slime Pits |   2104 |   1957 |    147 |    405 |    795 |   5 |  420.8 |
  Orcish Mines |   1723 |   1544 |    179 |      6 |   1098 |   2 |  861.5 |
   Elven Halls |   4447 |   4208 |    239 |    176 |   2833 |   3 | 1482.3 |
        Vaults |   8082 |   7551 |    531 |    733 |   4784 |   5 | 1616.4 |
        Depths |   6496 |   5928 |    568 |   1412 |   3367 |   4 | 1624.0 |
           Zot |    247 |    247 |      0 |      0 |    182 |   1 |  247.0 |
        Wizlab |   1397 |   1397 |      0 |      3 |    902 |   1 | 1397.0 |
               +--------+--------+--------+--------+--------+-----+--------+

Top non-repeatable levels by time:
     D:2: 3603 daAuts
Depths:2: 2069 daAuts
Vaults:3: 1877 daAuts
  Lair:6: 1847 daAuts
   Elf:3: 1834 daAuts
Depths:1: 1782 daAuts
Vaults:5: 1721 daAuts
    D:11: 1720 daAuts
Spider:4: 1648 daAuts
Vaults:2: 1598 daAuts
   Elf:2: 1586 daAuts
     D:6: 1567 daAuts
Vaults:1: 1488 daAuts
     D:8: 1449 daAuts
Depths:4: 1408 daAuts
